 Dungeon Crawl Stone Soup version 0.23-a0-299-g9a66eeb (webtiles) character file.

62 mhoghedin the Charlatan (level 4, 0/26 HPs)
             Began as a Kobold Artificer on Oct 6, 2018.
             Slain by a hobgoblin
             ... wielding a +0 club
              (3 damage)
             ... on level 2 of the Dungeon.
             The game lasted 00:02:18 (2217 turns).

mhoghedin the Charlatan (Kobold Artificer)          Turns: 2217, Time: 00:02:19

Health: 0/26       AC:  5    Str: 10    XL:     4   Next: 28%
Magic:  7/7        EV: 15    Int: 12    God:
Gold:   83         SH:  0    Dex: 15    Spells: 3/3 levels left

rFire    . . .     SeeInvis .   a - +0 short sword
rCold    . . .     Gourm    .   (shield restricted)
rNeg     . . .     Faith    .   b - +0 leather armour
rPois    .         Spirit   .   (no helmet)
rElec    .         Reflect  .   j - +0 cloak
rCorr    .         Harm     .   l - +0 pair of gloves
MR       .....                  (no boots)
Stlth    ++........             n - amulet of rage {+Rage, !d}
HPRegen  0.08/turn              (no ring)
MPRegen  0.10/turn              (no ring)

@: berserk cooldown, flying, slowed, very slow
A: small, carnivore
a: Evoke Berserk Rage


You were on level 2 of the Dungeon.
You were very full.

You visited 1 branch of the dungeon, and saw 2 of its levels.

You collected 83 gold pieces.

Inventory:

Hand Weapons
 a - a +0 short sword (weapon)
Armour
 b - a +0 leather armour (worn)
 j - a +0 cloak (worn)
   (You found it on level 1 of the Dungeon)
 l - a +0 pair of gloves (worn)
   (You found it on level 1 of the Dungeon)
Jewellery
 n - an amulet of rage (around neck) {+Rage, !d}
   (You found it on level 2 of the Dungeon)
Wands
 c - a wand of flame (11)
 d - a wand of enslavement (12)
 e - a wand of random effects (15)
Scrolls
 k - a scroll of teleportation {unknown}
 m - a scroll of amnesia {unknown}
 p - a scroll of remove curse {unknown}
Potions
 h - 2 potions of curing
 i - a potion of mutation {unknown}
Comestibles
 f - 5 rations


   Skills:
 + Level 2.0 Fighting
 + Level 2.5 Short Blades
 + Level 3.1 Dodging
 + Level 2.7 Stealth
 + Level 4.1 Evocations


You had 3 spell levels left.
You didn't know any spells.
Your spell library was empty.

Dungeon Overview and Level Annotations

Branches:
Dungeon (2/15)

Altars:

Annotations:
D:2 Sigmund


Innate Abilities, Weirdness & Mutations

You are small and have problems with some larger weapons.
You are carnivorous and can eat meat at any time.


Message History

You kill the frilled lizard!
No target in view!
No target in view!
No target in view!
No target in view!
No target in view!
No target in view!
No target in view!
No target in view!
You start putting on your armour.
You continue putting on your cloak. x4
You finish putting on your +0 cloak.
You start putting on your armour.
You continue putting on your pair of gloves. x4
You finish putting on your +0 pair of gloves.
n - an amulet of rage (around neck)
A hobgoblin comes into view. It is wielding a club.
You see here a scroll labeled BIUNOSECK ZAEFAD.
Unknown command.
The hobgoblin shouts!
The hobgoblin barely misses you.
You completely miss the hobgoblin. You barely miss the hobgoblin.
The hobgoblin hits you with a club.
You take 3 damage, and have 23/26 hp.
You hit the hobgoblin.
You kill the hobgoblin!
No target in view!
o - a scroll labeled BIUNOSECK ZAEFAD
p - a scroll labeled QELLIQ LOELELE You now have 83 gold pieces (gained 8).
f - 5 rations (gained 1)
You see here 17 stones.
Found a stone staircase leading down.
Health restored: 26 Sigmund the Dreaded comes into view.
He is wielding a scythe.
You see here a dagger.
A hobgoblin comes into view. It is wielding a club.
You see here a book of Maledictions.
A dart slug comes into view.
Sigmund points at you and mumbles some strange words.
You resist with some effort.
You fail to use your ability.
Sigmund barely misses you.
A red film seems to cover your vision as you go berserk!
You feel yourself moving faster!
You feel mighty!
You feel a lot less full. Sigmund barely misses you.
You now have 39/39 hp.
You feel a strong urge to attack something.
The hobgoblin barely misses you.
You barely miss Sigmund. The hobgoblin closely misses you.
Sigmund completely misses you.
You barely miss Sigmund. You barely miss Sigmund. The hobgoblin misses you.
You puncture Sigmund! Sigmund hits you with a scythe!
You take 7 damage, and have 32/39 hp.
You hit Sigmund.
The hobgoblin hits you but does no damage.
You puncture Sigmund! The dart slug closely misses you.
Sigmund gestures at you while chanting. The magic dart hits you!
You take 6 damage, and have 26/39 hp.
You closely miss Sigmund. The hobgoblin misses you.
You hit Sigmund.
Sigmund is suddenly surrounded by pale red light.
Sigmund closely misses you. The dart slug launches a dart at you.
The slug dart misses you. The hobgoblin completely misses you.
You closely miss Sigmund. You barely miss Sigmund.
Sigmund hits you with a scythe. The hobgoblin barely misses you.
The dart slug barely misses you.
You take 4 damage, and have 22/39 hp.
You closely miss Sigmund. You closely miss Sigmund.
The hobgoblin closely misses you. The dart slug completely misses you.
Sigmund hits you with a scythe.
You take 2 damage, and have 20/39 hp.
You barely miss Sigmund.
You are no longer berserk.
You are exhausted.
You feel yourself slow down. The hobgoblin misses you.
You now have 14/26 hp.
Unknown command.
It was a potion of flight.
You feel very buoyant.
You fly up into the air.
Sigmund hits you with a scythe. The dart slug misses you.
The hobgoblin barely misses you.
You take 2 damage, and have 12/26 hp.
The hobgoblin closely misses you.
Sigmund points at you and mumbles some strange words.
The puff of flame hits you!
* * * LOW HITPOINT WARNING * * *
You take 9 damage, and have 3/26 hp.
MASSIVE DAMAGE!!
As you read the scroll labeled BIUNOSECK ZAEFAD, it crumbles to dust.
You feel aware of your surroundings.
It was a scroll of magic mapping.
The hobgoblin hits you but does no damage.
Sigmund hits you but does no damage. The dart slug closely misses you.
The hobgoblin closely misses you.
The dart slug bites you but does no damage.
The hobgoblin hits you with a club.
You die...

******,,* #....†.......
*,,,,,,,* #........####
*,*****,* #........# *,*
#,* ##........# *,* #.*
##........## *,*
#.########.........# *,*
#..............)...# *,*
##...>@.###.........# *,*
#.....wg@:.).......## *,*
#.......####......##
*,***#.......# #.....##
*,,.....##...# #..#.##
***###..*###.####..#.#
#.,* #....(...#.#********
#,,**#..####.##..,,,,,,,,
**,*,*#..# #.####*******,
**,***,,,,***#.#* *,


You could see Sigmund, a dart slug and a hobgoblin.

Vanquished Creatures
  4 adders (D:2)
  2 leopard geckos
  2 giant cockroaches (D:1)
  A goblin (D:1)
  5 hobgoblins
  4 kobolds (D:1)
  2 bats (D:1)
  4 frilled lizards
24 creatures vanquished.

Vanquished Creatures (others)
  A leopard gecko (D:1)
  A hobgoblin (D:1)
2 creatures vanquished.

Grand Total: 26 creatures vanquished

Notes
Turn   | Place    | Note
-------+----------+-------------------------------------------
     0 | D:1      | mhoghedin the Kobold Artificer began the quest for the Orb.
     0 | D:1      | Reached XP level 1. HP: 12/12 MP: 3/3
   268 | D:1      | HP: 1/12 [hobgoblin/club (4)]
   608 | D:1      | Reached XP level 2. HP: 16/16 MP: 4/4
  1019 | D:1      | Reached skill level 2 in Stealth
  1066 | D:1      | Reached skill level 2 in Short Blades
  1558 | D:1      | Reached XP level 3. HP: 18/20 MP: 5/5
  1696 | D:2      | Reached skill level 4 in Evocations
  1835 | D:2      | HP: 3/21 [adder (3)]
  1837 | D:2      | HP: 1/21 [adder (1)]
  1839 | D:2      | Reached skill level 3 in Dodging
  2008 | D:2      | Reached XP level 4. HP: 26/26 MP: 7/7
  2090 | D:2      | Reached skill level 2 in Fighting
  2191 | D:2      | Noticed Sigmund
  2214 | D:2      | HP: 3/26 [Sigmund/puff of flame (9)]
  2217 | D:2      | Slain by a hobgoblin

Vault maps used:
D:1:      lemuel_arrival_tunnels
D:2:      uniq_sigmund, uniq_natasha

Skill      XL: |  1  2  3  4 |
---------------+-------------+-----
Stealth        | 2 |  2.7
Short Blades   | 2 |  2.5
Evocations     | 4 |  4.1
Dodging        | 3 |  3.1
Fighting       | 2 |  2.0

Action                   |  1- 3 |  4- 6 || total
-------------------------+-------+-------++-------
Melee: Short sword       |   103 |    40 ||   143
 Abil: Evoke Berserk Rag |       |     1 ||     1
Evoke: Wand              |     7 |       ||     7
  Use: Potion            |     1 |     1 ||     2
       Scroll            |       |     1 ||     1
 Stab: Sleeping          |     1 |       ||     1
  Eat: Chunk             |    11 |       ||    11
Armor: Leather armour    |    18 |     8 ||    26
Dodge: Dodged            |    90 |    45 ||   135

Table legend:
 A = Non-vault XP
 B = Vault XP
 C = Vault XP percentage of total XP
 D = Non-vault monster count
 E = Vault monster count
 F = Vault count percentage of total count
                 A         B        C        D         E       F
            +---------+---------+-------+---------+---------+-------
      Total |      89 |       0 |   0.0 |      24 |       0 |   0.0
            +---------+---------+-------+---------+---------+-------
        D:1 |      29 |       0 |   0.0 |      16 |       0 |   0.0
        D:2 |      60 |       0 |   0.0 |       8 |       0 |   0.0
            +---------+---------+-------+---------+---------+-------

Vault maps used:
D:1:      lemuel_arrival_tunnels
D:2:      uniq_sigmund, uniq_natasha

Table legend:
 A = Turns spent in this place as a percentage of turns spent in the entire game.
 B = Non-inter-level travel turns spent in this place as a percentage of non-inter-level travel turns spent in the entire game.
 C = Inter-level travel turns spent in this place as a percentage of turns spent in this place.
 D = Turns resting spent in this place as a percentage of non-inter-level travel turns spent in this place.
 E = Turns spent auto-exploring this place as a percentage of non-inter-level travel turns spent in this place.
 F = Non-inter-level travel turns spent in this place divided by the number of levels of this place that you've seen.
                   A       B       C       D       E      F
               +-------+-------+-------+-------+-------+----------------------
         Total | 100.0 | 100.0 |   1.2 |  52.3 |  33.7 | 1095.5
       Dungeon | 100.0 | 100.0 |   1.2 |  52.3 |  33.7 | 1095.5
               +-------+-------+-------+-------+-------+----------------------

Table legend:
 A = Kills in this place as a percentage of kills in entire the game.
 B = Kills by you in this place as a percentage of kills by you in the entire game.
 C = Kills by friends in this place as a percentage of kills by friends in the entire game.
 D = Other kills in this place as a percentage of other kills in the entire game.
 E = Experience gained in this place as a percentage of experience gained in the entire game.
 F = Experience gained in this place divided by the number of levels of this place that you have seen.
                   A       B       C       D       E      F
               +-------+-------+-------+-------+-------+----------------------
         Total | 100.0 | 100.0 |   N/A |   N/A | 100.0 |  44.5
       Dungeon | 100.0 | 100.0 |   N/A |   N/A | 100.0 |  44.5
               +-------+-------+-------+-------+-------+----------------------
